TOP OF THE 1ST |
Wisconsin Timber Rattlers batting - Pitching for Portland Privateers : RHP Blaine Yarbrough
|
Pitching: RHP Blaine Yarbrough
|
|
Batting: RHB Fraser Stanton
|
0-0: Ball 1-0: DOUBLE (Line Drive, 8RM)
|
Batting: RHB Dick Slagboom
|
0-0: Called Strike 0-1: Swinging Strike 0-2: Ball 1-2: Strikes out swinging
|
Batting: SHB Ricardo Arévalo
|
0-0: Foul Ball, location: 2F 0-1: Foul Ball, location: 2F 0-2: Ball 1-2: Foul Ball, location: 2F 1-2: Ball 2-2: Ball 3-2: DOUBLE (Line Drive, 9LS) Fraser Stanton scores
|
Batting: RHB Bruce Brooks
|
0-0: Called Strike 0-1: Ball 1-1: Swinging Strike 1-2: Ball 2-2: Foul Ball, location: 2F 2-2: Strikes out swinging
|
Batting: RHB Vicente Vélez
|
0-0: Called Strike 0-1: Ball 1-1: Called Strike 1-2: Ball 2-2: Strikes out swinging
|
Top of the 1st over - 1 run(s), 2 hit(s), 0 error(s), 1 left on base; Wisconsin 1 - Portland 0 |
BOTTOM OF THE 1ST |
Portland Privateers batting - Pitching for Wisconsin Timber Rattlers : RHP Andy Parker
|
Pitching: RHP Andy Parker
|
|
Batting: RHB Luis Pineda
|
0-0: Ball 1-0: Ball 2-0: Called Strike 2-1: Foul Ball, location: 2F 2-2: Foul Ball, location: 2F 2-2: Foul Ball, location: 2F 2-2: Ground out 1-3 (Groundball, 13)
|
Batting: RHB Carlos Castro
|
0-0: Called Strike 0-1: Called Strike 0-2: Ball 1-2: Ball 2-2: Ball 3-2: Strikes out swinging
|
Batting: RHB Troy Lau
|
0-0: Called Strike 0-1: Ball 1-1: Ball 2-1: Foul Ball, location: 2F 2-2: DOUBLE (Flyball, 78D)
|
Batting: SHB Patrick Larson
|
0-0: Called Strike 0-1: Ball 1-1: Ball 2-1: Foul Ball, location: 2F 2-2: Ball 3-2: Base on Balls
|
Batting: RHB Júlio Vélez
|
0-0: Swinging Strike 0-1: DOUBLE (Groundball, 5L) Troy Lau scores Patrick Larson to third Runner from 3rd tries for Home, SAFE, no throw or cutoff
|
Batting: LHB Juan Acotia
|
0-0: Foul Ball, location: 2F Single, Error in OF, E9, batter to second base Júlio Vélez scores
|
Batting: RHB Jorge Cora
|
0-0: Ball 1-0: Foul Ball, location: 2F 1-1: Ball 2-1: Ball 3-1: Ground out 1-3 (Groundball, 25)
|
Bottom of the 1st over - 3 run(s), 3 hit(s), 1 error(s), 1 left on base; Wisconsin 1 - Portland 3 |
TOP OF THE 2ND |
Wisconsin Timber Rattlers batting - Pitching for Portland Privateers : RHP Blaine Yarbrough
|
Batting: RHB Pablo Gonzáles
|
0-0: Called Strike 0-1: Ground out 3-1 (Groundball, 34)
|
Batting: RHB William Farmer
|
0-0: Called Strike 0-1: Ball 1-1: SINGLE (Groundball, 34)
|
Batting: RHB António Pérez
|
0-0: Foul Ball, location: 2F 0-1: Called Strike 0-2: Foul Ball, location: 2F 0-2: Foul Ball, location: 2F 0-2: Ball 1-2: Strikes out looking
|
Batting: RHB Danny Campbell
|
0-0: Called Strike 0-1: Ground out 4-3 (Groundball, 4)
|
Top of the 2nd over - 0 run(s), 1 hit(s), 0 error(s), 1 left on base; Wisconsin 1 - Portland 3 |
BOTTOM OF THE 2ND |
Portland Privateers batting - Pitching for Wisconsin Timber Rattlers : RHP Andy Parker
|
Batting: LHB Dillon Beck
|
0-0: Ball 1-0: Called Strike 1-1: Ball 2-1: Swinging Strike 2-2: Foul Ball, location: 2F 2-2: DOUBLE (Line Drive, 3D)
|
Batting: RHB Tomás Estrada
|
0-0: Ball 1-0: SINGLE (Groundball, 5S) (infield hit) Dillon Beck to third
|
Batting: RHB Luis Pineda
|
0-0: Ball 1-0: Ball 2-0: Ball 3-0: Called Strike 3-1: Fly out, F4 (Popup, 34D)
|
Batting: RHB Carlos Castro
|
0-0: Called Strike 0-1: Foul Ball, location: 2F 0-2: Ball 1-2: Hit by Pitch Tomás Estrada to second
|
Batting: RHB Troy Lau
|
0-0: Called Strike 0-1: Ball 1-1: Called Strike 1-2: DOUBLE (Line Drive, 7D) Dillon Beck scores Tomás Estrada scores Carlos Castro to third
|
Batting: SHB Patrick Larson
|
0-0: SINGLE (Groundball, 4MD) Carlos Castro scores Troy Lau to third Runner from 3rd tries for Home, SAFE, no throw or cutoff
|
Batting: RHB Júlio Vélez
|
0-0: Ball 1-0: Foul Ball, location: 2F 1-1: Ball 2-1: Called Strike 2-2: Ball 3-2: SINGLE (Groundball, 5L) Patrick Larson to second Patrick Larson to third
|
Batting: LHB Juan Acotia
|
0-0: Foul Ball, location: 2F 0-1: SINGLE (Groundball, 4MD) Patrick Larson scores Júlio Vélez to second
|
Pitching: RHP Drew Bailey
|
|
Batting: RHB Jorge Cora
|
0-0: Ball 1-0: Called Strike 1-1: Foul Ball, location: 2F 1-2: Ball 2-2: Ball 3-2: Grounds into double play, 6-4-3 (Groundball, 6)
|
Bottom of the 2nd over - 5 run(s), 6 hit(s), 0 error(s), 1 left on base; Wisconsin 1 - Portland 8 |
TOP OF THE 3RD |
Wisconsin Timber Rattlers batting - Pitching for Portland Privateers : RHP Blaine Yarbrough
|
Batting: RHB Fraser Stanton
|
0-0: Ground out 5-3 (Groundball, 5S)
|
Batting: RHB Dick Slagboom
|
0-0: Ball 1-0: Foul Ball, location: 2F 1-1: Foul Ball, location: 2F 1-2: SINGLE (Flyball, 9S)
|
Batting: SHB Ricardo Arévalo
|
0-0: Ball 1-0: Ball 2-0: Foul Ball, location: 2F 2-1: Swinging Strike 2-2: Strikes out swinging
|
Batting: RHB Bruce Brooks
|
0-0: Ground out 5-3 (Groundball, 56S)
|
Top of the 3rd over - 0 run(s), 1 hit(s), 0 error(s), 1 left on base; Wisconsin 1 - Portland 8 |
BOTTOM OF THE 3RD |
Portland Privateers batting - Pitching for Wisconsin Timber Rattlers : RHP Drew Bailey
|
Batting: LHB Dillon Beck
|
0-0: Ball 1-0: Called Strike 1-1: Ball 2-1: DOUBLE (Flyball, 7LM)
|
Batting: RHB Tomás Estrada
|
0-0: Foul Ball, location: 2F 0-1: Ball 1-1: Ball 2-1: Fly out, F4 (Popup, 4M)
|
Batting: RHB Luis Pineda
|
0-0: Ball 1-0: Called Strike 1-1: Ball 2-1: Ball 3-1: Base on Balls
|
Batting: RHB Carlos Castro
|
0-0: Called Strike 0-1: Called Strike 0-2: Ball 1-2: SINGLE (Groundball, 4M) Dillon Beck to third Luis Pineda to second Runner from 3rd tries for Home, SAFE, no throw or cutoff
|
Batting: RHB Troy Lau
|
0-0: Foul Ball, location: 2F 0-1: Ball 1-1: Ball 2-1: Foul Ball, location: 2F 2-2: Strikes out swinging
|
Batting: SHB Patrick Larson
|
0-0: Ball 1-0: Called Strike 1-1: Foul Ball, location: 2F 1-2: Foul Ball, location: 2F 1-2: Foul Ball, location: 2F 1-2: Fly out, F9 (Flyball, 9M)
|
Bottom of the 3rd over - 1 run(s), 2 hit(s), 0 error(s), 2 left on base; Wisconsin 1 - Portland 9 |
TOP OF THE 4TH |
Wisconsin Timber Rattlers batting - Pitching for Portland Privateers : RHP Blaine Yarbrough
|
Batting: RHB Vicente Vélez
|
0-0: Fly out, F3 (Popup, 3SF)
|
Batting: RHB Pablo Gonzáles
|
0-0: Ball 1-0: Ball 2-0: Called Strike 2-1: Called Strike 2-2: Foul Ball, location: 2F 2-2: Strikes out swinging
|
Batting: RHB William Farmer
|
0-0: Called Strike 0-1: Ball 1-1: Ball 2-1: Ball 3-1: Foul Ball, location: 2F 3-2: SINGLE (Line Drive, 6MD)
|
Batting: RHB António Pérez
|
0-0: Called Strike 0-1: Ball 1-1: Fielders Choice at 2nd, 5-4 (Groundball, 56)
|
Top of the 4th over - 0 run(s), 1 hit(s), 0 error(s), 0 left on base; Wisconsin 1 - Portland 9 |
BOTTOM OF THE 4TH |
Portland Privateers batting - Pitching for Wisconsin Timber Rattlers : RHP Drew Bailey
|
Batting: RHB Júlio Vélez
|
0-0: SINGLE (Groundball, 56)
|
Batting: LHB Juan Acotia
|
0-0: Ball 1-0: Swinging Strike 1-1: Ball 2-1: Reached on error, E5 (Groundball, 56S) Júlio Vélez to second
|
Batting: RHB Jorge Cora
|
0-0: Called Strike 0-1: Ball 1-1: Called Strike 1-2: Ball 2-2: Foul Ball, location: 2F 2-2: Fly out, F8 (Flyball, 8LM)
|
Batting: LHB Dillon Beck
|
0-0: Called Strike 0-1: Ball 1-1: Swinging Strike 1-2: Fielders Choice at 2nd, 3-6 (Groundball, 34) Júlio Vélez to third
|
Batting: RHB Tomás Estrada
|
0-0: Ball 1-0: Ball 2-0: Called Strike 2-1: Ball 3-1: Base on Balls Dillon Beck to second
|
Batting: RHB Luis Pineda
|
0-0: Called Strike 0-1: Foul Ball, location: 2F 0-2: Foul Ball, location: 2F 0-2: Ball 1-2: Ground out 6-3 (Groundball, 6)
|
Bottom of the 4th over - 0 run(s), 1 hit(s), 1 error(s), 3 left on base; Wisconsin 1 - Portland 9 |
TOP OF THE 5TH |
Wisconsin Timber Rattlers batting - Pitching for Portland Privateers : RHP Blaine Yarbrough
|
Batting: RHB Danny Campbell
|
0-0: Ball 1-0: Foul Ball, location: 2F 1-1: Ball 2-1: Ball 3-1: Base on Balls
|
Pitching: RHP Tom Clement
|
|
Batting: RHB Fraser Stanton
|
0-0: Ball 1-0: Swinging Strike 1-1: Called Strike 1-2: Foul Ball, location: 2F 1-2: Strikes out swinging
|
Batting: RHB Dick Slagboom
|
0-0: Ball 1-0: Ball 2-0: Ball 3-0: Base on Balls Danny Campbell to second
|
Batting: SHB Ricardo Arévalo
|
0-0: Ball 1-0: Ball 2-0: Foul Ball, location: 2F 2-1: Foul Ball, location: 2F 2-2: Strikes out swinging
|
Batting: RHB Bruce Brooks
|
0-0: Ball 1-0: Ball 2-0: Ball 3-0: Base on Balls Danny Campbell to third Dick Slagboom to second
|
Batting: RHB Vicente Vélez
|
0-0: Ball 1-0: Ball 2-0: Fly out, F3 (Popup, 34S)
|
Top of the 5th over - 0 run(s), 0 hit(s), 0 error(s), 3 left on base; Wisconsin 1 - Portland 9 |
BOTTOM OF THE 5TH |
Portland Privateers batting - Pitching for Wisconsin Timber Rattlers : RHP Drew Bailey
|
Batting: RHB Carlos Castro
|
0-0: Ball 1-0: Swinging Strike 1-1: Ball 2-1: Ground out U3 (Groundball, 3S)
|
Batting: RHB Troy Lau
|
0-0: Called Strike 0-1: Swinging Strike 0-2: Ball 1-2: Ball 2-2: Ground out 1-3 (Groundball, 13S)
|
Batting: SHB Patrick Larson
|
0-0: Swinging Strike 0-1: Ground out 3-1 (Groundball, 3)
|
Bottom of the 5th over - 0 run(s), 0 hit(s), 0 error(s), 0 left on base; Wisconsin 1 - Portland 9 |
TOP OF THE 6TH |
Wisconsin Timber Rattlers batting - Pitching for Portland Privateers : RHP Tom Clement
|
Batting: RHB Pablo Gonzáles
|
0-0: Called Strike 0-1: Foul Ball, location: 2F 0-2: Ball 1-2: Ground out 5-3 (Groundball, 5S)
|
Batting: RHB William Farmer
|
0-0: Called Strike 0-1: Ball 1-1: Swinging Strike 1-2: Ball 2-2: Ball 3-2: Foul Ball, location: 2F 3-2: Foul Ball, location: 2F 3-2: Base on Balls
|
Batting: RHB António Pérez
|
0-0: Ball 1-0: Ball 2-0: Ball 3-0: Called Strike 3-1: Base on Balls William Farmer to second
|
Pitching: RHP Mario Ramos
|
|
Batting: RHB Danny Campbell
|
0-0: Ball 1-0: Foul Ball, location: 2F 1-1: Swinging Strike 1-2: Strikes out swinging
|
Batting: RHB Fraser Stanton
|
0-0: Foul Ball, location: 2F 0-1: Fly out, F9 (Line Drive, 89M)
|
Top of the 6th over - 0 run(s), 0 hit(s), 0 error(s), 2 left on base; Wisconsin 1 - Portland 9 |
BOTTOM OF THE 6TH |
Portland Privateers batting - Pitching for Wisconsin Timber Rattlers : RHP Drew Bailey
|
Batting: RHB Júlio Vélez
|
0-0: Called Strike 0-1: Called Strike 0-2: Foul Ball, location: 2F 0-2: Ball 1-2: Ball 2-2: Fly out, F3 (Popup, 23F)
|
Pitching: RHP Jerry Terry
|
|
Batting: LHB Juan Acotia
|
0-0: Swinging Strike 0-1: SOLO HOME RUN (Flyball, 9LD), Distance : 338 ft
|
Batting: RHB Jorge Cora
|
0-0: Called Strike 0-1: Called Strike 0-2: Ball 1-2: Ball 2-2: SOLO HOME RUN (Flyball, 78D), Distance : 409 ft
|
Batting: LHB Dillon Beck
|
0-0: Foul Ball, location: 2F 0-1: Ball 1-1: Ground out 2-3 (Groundball, 25)
|
Batting: RHB Tomás Estrada
|
0-0: Ball 1-0: Ball 2-0: Ball 3-0: Called Strike 3-1: Fly out, F8 (Flyball, 8LM)
|
Bottom of the 6th over - 2 run(s), 2 hit(s), 0 error(s), 0 left on base; Wisconsin 1 - Portland 11 |
TOP OF THE 7TH |
Wisconsin Timber Rattlers batting - Pitching for Portland Privateers : RHP Mario Ramos
|
Batting: RHB Dick Slagboom
|
0-0: Ball 1-0: Swinging Strike 1-1: Swinging Strike 1-2: Foul Ball, location: 2F 1-2: Foul Ball, location: 2F 1-2: Foul Ball, location: 2F 1-2: Strikes out swinging
|
Batting: SHB Ricardo Arévalo
|
0-0: Swinging Strike 0-1: Called Strike 0-2: Ball 1-2: Foul Ball, location: 2F 1-2: Ball 2-2: Ball 3-2: Foul Ball, location: 2F 3-2: Base on Balls
|
Batting: RHB Bruce Brooks
|
0-0: Called Strike 0-1: SINGLE (Groundball, 34S) Ricardo Arévalo to second Runner from 2nd tries for 3rd, SAFE, throw made to third
|
Batting: RHB Vicente Vélez
|
0-0: Called Strike 0-1: Called Strike 0-2: Strikes out looking
|
Batting: RHB Pablo Gonzáles
|
0-0: Ball 1-0: Foul Ball, location: 2F 1-1: Called Strike 1-2: Ball 2-2: Foul Ball, location: 2F 2-2: Foul Ball, location: 2F 2-2: Foul Ball, location: 2F 2-2: Foul Ball, location: 2F 2-2: Ball 3-2: Strikes out looking
|
Top of the 7th over - 0 run(s), 1 hit(s), 0 error(s), 2 left on base; Wisconsin 1 - Portland 11 |
BOTTOM OF THE 7TH |
Portland Privateers batting - Pitching for Wisconsin Timber Rattlers : RHP Jerry Terry
|
Batting: RHB Luis Pineda
|
0-0: Ball 1-0: Ball 2-0: Ball 3-0: Base on Balls
|
Batting: RHB Carlos Castro
|
0-0: SINGLE (Groundball, 4D) Luis Pineda to second Runner from 2nd tries for 3rd, SAFE, throw made to third
|
Batting: RHB Troy Lau
|
0-0: Foul Ball, location: 2F 0-1: Ball 1-1: Foul Ball, location: 2F 1-2: Foul Ball, location: 2F 1-2: Foul Ball, location: 2F 1-2: Ball Wild Pitch! Luis Pineda scores Carlos Castro to second 2-2: Ball 3-2: 2-RUN HOME RUN (Flyball, 7D), Distance : 386 ft
|
Pitching: RHP Cisco Vázquez
|
|
Batting: SHB Patrick Larson
|
0-0: Foul Ball, location: 2F 0-1: Ball 1-1: Ball 2-1: SOLO HOME RUN (Flyball, 89XD), Distance : 416 ft
|
Batting: RHB Júlio Vélez
|
0-0: Foul Ball, location: 2F 0-1: Called Strike 0-2: Strikes out looking
|
Batting: LHB Juan Acotia
|
0-0: Ball 1-0: Ball 2-0: Called Strike 2-1: Ground out 4-3 (Groundball, 4)
|
Batting: RHB Jorge Cora
|
0-0: Fly out, F5 (Popup, 5S)
|
Bottom of the 7th over - 4 run(s), 3 hit(s), 0 error(s), 0 left on base; Wisconsin 1 - Portland 15 |
TOP OF THE 8TH |
Wisconsin Timber Rattlers batting - Pitching for Portland Privateers : RHP Mario Ramos
|
Pitching: RHP Terry Fields
|
|
Batting: RHB William Farmer
|
0-0: Foul Ball, location: 2F 0-1: Ball 1-1: Called Strike 1-2: Ball 2-2: Strikes out swinging
|
Batting: RHB António Pérez
|
0-0: Ball 1-0: Called Strike 1-1: Swinging Strike 1-2: Strikes out swinging
|
Batting: RHB Danny Campbell
|
0-0: Called Strike 0-1: Called Strike 0-2: Ball 1-2: Ground out 5-3 (Groundball, 5L)
|
Top of the 8th over - 0 run(s), 0 hit(s), 0 error(s), 0 left on base; Wisconsin 1 - Portland 15 |
BOTTOM OF THE 8TH |
Portland Privateers batting - Pitching for Wisconsin Timber Rattlers : RHP Cisco Vázquez
|
Batting: LHB Dillon Beck
|
0-0: Swinging Strike 0-1: Swinging Strike 0-2: Strikes out swinging
|
Batting: RHB Tomás Estrada
|
0-0: Ball 1-0: Swinging Strike 1-1: Called Strike 1-2: Ground out 6-3 (Groundball, 6M)
|
Batting: RHB Luis Pineda
|
0-0: Fly out, F4 (Line Drive, 4)
|
Bottom of the 8th over - 0 run(s), 0 hit(s), 0 error(s), 0 left on base; Wisconsin 1 - Portland 15 |
TOP OF THE 9TH |
Wisconsin Timber Rattlers batting - Pitching for Portland Privateers : RHP Terry Fields
|
Batting: RHB Fraser Stanton
|
0-0: Ball 1-0: Called Strike 1-1: Foul Ball, location: 2F 1-2: Ball 2-2: Foul Ball, location: 2F 2-2: Ball 3-2: Base on Balls
|
Batting: RHB Dick Slagboom
|
0-0: Called Strike 0-1: Foul Ball, location: 2F 0-2: Ball 1-2: Ball 2-2: Grounds into double play, 6-4-3 (Groundball, 6)
|
Batting: SHB Ricardo Arévalo
|
0-0: Foul Ball, location: 2F 0-1: Ball 1-1: Ball 2-1: Foul Ball, location: 2F 2-2: Strikes out swinging
|
Top of the 9th over - 0 run(s), 0 hit(s), 0 error(s), 0 left on base; Wisconsin 1 - Portland 15 |
|